 Dungeon Crawl Stone Soup version 0.28.0-1-gb440e238dd (webtiles) character file.

Game seed: 7660793229281240482

5 Morbidden the Skirmisher (level 1, 0/11 HPs)
             Began as a Vine Stalker Fighter on Feb 21, 2022.
             Slain by a rat (2 damage)
             ... on level 1 of the Dungeon.
             The game lasted 00:00:06 (186 turns).

Morbidden the Skirmisher (Vine Stalker Fighter)      Turns: 186, Time: 00:00:07

Health: 0/11       AC:  6    Str: 18    XL:     1   Next: 80%
Magic:  0/2        EV:  9    Int:  8    God:
Gold:   0          SH:  4    Dex: 13    Spells: 0/0 levels left

rFire   . . .      SeeInvis .   a - +0 war axe
rCold   . . .      Faith    .   c - +0 buckler
rNeg    . . .      Spirit   +   b - +0 scale mail
rPois   .          Reflect  .   (no helmet)
rElec   .          Harm     .   (no cloak)
rCorr   .          Rampage  .   (no gloves)
Will    .....                   (no boots)
Stlth   ..........              (no amulet)
HPRegen 0.03/turn               (no ring)
MPRegen 0.08/turn               (no ring)

@: no status effects
A: fangs 2, magic shield, antimagic bite, no potion heal 2
a: no special abilities


You were on level 1 of the Dungeon.
You visited 1 branch of the dungeon, and saw 1 of its levels.

Inventory:

Hand Weapons
 a - a +0 war axe (weapon)
Armour
 b - a +0 scale mail (worn)
 c - a +0 buckler (worn)
Scrolls
 f - a scroll of enchant armour {unknown}
Potions
 d - a potion of might
 e - a potion of curing {unknown}


   Skills:
 + Level 2.9 Fighting
 + Level 1.8 Axes
 + Level 2.4 Armour
 + Level 2.7 Shields


You couldn't memorise any spells.
You didn't know any spells.
Your spell library was empty.

Dungeon Overview and Level Annotations

Branches:
Dungeon (1/15)

Altars:


Innate Abilities, Weirdness & Mutations

You have extremely sharp teeth.
When hurt, damage is shared between your health and your magic reserves.
Your bite disrupts and absorbs the magic of your enemies.
Potions cannot restore your health.


Message History

You block the quokka's attack. The bat hits you but does no damage.
You hit the quokka but do no damage. You closely miss the bat.
The bat hits you. The quokka bites you. You block the giant cockroach's attack.
The bat barely misses you.
You barely miss the kobold. You closely miss the quokka.
You barely miss the giant cockroach. You hit the bat.
You kill the bat!
You block the quokka's attack.
The giant cockroach bites you but does no damage.
The kobold barely misses you. The quokka bites you.
The giant cockroach bites you but does no damage.
The kobold hits you with a +0 short sword.
* * * LOW HITPOINT WARNING * * *
Unknown command.
You are too injured to fight recklessly!
You are too injured to fight recklessly!
You are too injured to fight recklessly!
Unknown command.
Unknown command.
You are too injured to fight recklessly!
You are too injured to fight recklessly!
Unknown command.
You are too injured to fight recklessly!
Unknown command.
You are too injured to fight recklessly!
You are too injured to fight recklessly!
You slash the giant cockroach!
You kill the giant cockroach!
You miss the quokka. You hit the kobold but do no damage.
You closely miss the rat.
The quokka bites you but does no damage.
The rat barely misses you. The kobold barely misses you.
The quokka closely misses you. The rat bites you but does no damage.
The kobold closely misses you. The quokka misses you.
Unknown command.
You hit the quokka. Your bite misses the quokka.
The quokka is moderately wounded.
You closely miss the kobold. You closely miss the rat. The rat bites you.
You die...

........## ##.. #
.#.......# #.. .#
.........####.####.#
#...........#.##!.. #
..†...........##.###.#
.†...#................
.#..#.#...#..........#
...#...#....##.#r###.#
#..#...#........@....#
.......#.......Kr.....#
.#####.#.#..............
#....<.#..#........>..).
....#......##......>....
.....####....#..........
###......####...........
........ ..........#.
........#


You could see a quokka, a kobold and a rat.

Vanquished Creatures
  An endoplasm (D:1)
  A giant cockroach (D:1)
  A quokka (D:1)
  A ball python (D:1)
  A bat (D:1)
5 creatures vanquished.

Notes
Turn   | Place    | Note
-------+----------+-------------------------------------------
     0 | D:1      | Morbidden the Vine Stalker Fighter began the quest for the
                  | Orb.
     0 | D:1      | Reached XP level 1. HP: 11/11 MP: 2/2
   186 | D:1      | Slain by a rat

Illustrated notes

Levels and vault maps discovered:
D:1:      ebering_trefoil_3fold, layout_rooms,
          shapermc_ecumenical_altar_flowoftime, chequers_serial_rivers_micro_c,
          grunt_decor_clamped

Action                   || total
-------------------------++-------
Melee: War axe           ||    10
       Bite              ||     1
Armor: Scale mail        ||     8
Dodge: Dodged            ||    13
Block: Buckler           ||     3
